 Dungeon Crawl Stone Soup version 0.27-a0-1202-ge72e49191c (webtiles) character file.

Game seed: 696968943836674927

34 bilbop the Bolt Thrower (level 3, -1/30 HPs)
             Began as a Minotaur Hunter on June 4, 2021.
             Slain by a kobold
             ... wielding a +0 short sword
              (3 damage)
             ... on level 1 of the Dungeon on June 5, 2021.
             The game lasted 00:04:47 (1119 turns).

bilbop the Bolt Thrower (Minotaur Hunter)           Turns: 1119, Time: 00:04:47

Health: -1/30      AC:  3    Str: 17    XL:     3   Next: 14%
Magic:  2/2        EV: 11    Int:  8    God:
Gold:   26         SH:  0    Dex: 10    Spells: 2/2 levels left

rFire    . . .     SeeInvis .   b - +0 whip
rCold    . . .     Faith    .   (no shield)
rNeg     . . .     Spirit   .   c - +0 leather armour
rPois    .         Reflect  .   (helmet restricted)
rElec    .         Harm     .   (no cloak)
rCorr    .         Rampage  .   (no gloves)
Will     .....                  (no boots)
Stlth    +.........             (no amulet)
HPRegen  0.10/turn              (no ring)
MPRegen  0.08/turn              (no ring)

@: no status effects
A: horns 2, retaliatory headbutt
a: no special abilities


You were on level 1 of the Dungeon.
You visited 1 branch of the dungeon, and saw 2 of its levels.

You collected 26 gold pieces.

Inventory:

Hand Weapons
 a - a +1 hand crossbow
 b - a +0 whip (weapon)
 e - a +0 short sword
 f - a +0 mace
Missiles
 d - 60 bolts
Armour
 c - a +0 leather armour (worn)
Scrolls
 g - a scroll of enchant armour {unknown}
 h - a scroll of magic mapping {unknown}
 j - a scroll of noise {unknown}
 l - a scroll of identify {unknown}
Potions
 i - a potion of brilliance {unknown}
 k - a potion of flight {unknown}


   Skills:
 + Level 2.9 Fighting
 * Level 2.1 Maces & Flails
 + Level 4.6 Crossbows
 + Level 1.2 Armour
 - Level 2.1 Dodging
 - Level 0.7 Stealth


You had 2 spell levels left.
You didn't know any spells.
Your spell library contained the following spells:

 Spells                   Type           Power      Damage    Failure   Level
 Confusing Touch          Hex            0%         N/A       83%         3
 Gell's Gravitas          Tloc           0%         N/A       83%         3
 Petrify                  Tmut/Erth      0%         N/A       99%         4
 Metabolic Englaciation   Hex/Ice        0%         N/A       100%        5
 Yara's Violent Unravell  Hex/Tmut       0%         3d3       100%        5


Dungeon Overview and Level Annotations

Branches:
Dungeon (2/15)

Altars:


Innate Abilities, Weirdness & Mutations

You have a pair of horns on your head.
You reflexively headbutt those who attack you in melee.


Message History

You hit the jackal but do no damage.
The kobold hits you with a +0 short sword.
The jackal closely misses you. The endoplasm barely misses you.
You barely miss the jackal. The jackal bites you.
The kobold hits you with a +0 short sword.
The endoplasm barely misses you. The jackal closely misses you.
You closely miss the jackal. Your headbutt misses the jackal.
The kobold hits you with a +0 short sword.
The endoplasm freezes you.
You are frozen.
The jackal barely misses you.
You are too injured to fight recklessly!
You are too injured to fight recklessly!
You are too injured to fight recklessly!
You are too injured to fight recklessly!
You are too injured to fight recklessly!
You are too injured to fight recklessly!
You are too injured to fight recklessly!
You are too injured to fight recklessly!
The jackal bites you.
The kobold hits you with a +0 short sword.
The endoplasm freezes you.
You are frozen.
You climb upwards.
There is a stone staircase leading down here.
You hit the endoplasm.
The endoplasm is lightly wounded.
The kobold hits you with a +0 short sword.
* * * LOW HITPOINT WARNING * * *
The endoplasm closely misses you.
You hit the endoplasm. Your headbutt misses the endoplasm.
The endoplasm is moderately wounded.
The kobold hits you with a +0 short sword.
* * * LOW HITPOINT WARNING * * *
The endoplasm freezes you.
You are frozen.
* * * LOW HITPOINT WARNING * * *
You completely miss the endoplasm.
The endoplasm is moderately wounded.
The kobold hits you with a +0 short sword.
You die...

#.# #..#.# #.............
########.# ##.#.# ######........
#........# #.#.# #......[.
#........# #...# #........
#........# ##..# ###........
#........#####..######.......###
#..............h...>...#####.#
###############K############.#
#@J............#
################ ############
...........# ##########.# #.#
#.#


You could see an endoplasm, a jackal and a kobold.

Vanquished Creatures
  A dart slug (D:1)
  An endoplasm (D:1)
  A giant cockroach (D:1)
  3 goblins (D:1)
  2 hobgoblins (D:1)
  7 jackals
  2 quokkas (D:1)
  A ball python (D:1)
  4 bats
  3 kobolds
  3 rats (D:1)
28 creatures vanquished.

Notes
Turn   | Place    | Note
-------+----------+-------------------------------------------
     0 | D:1      | bilbop the Minotaur Hunter began the quest for the Orb.
     0 | D:1      | Reached XP level 1. HP: 18/18 MP: 0/0
    79 | D:1      | Reached skill level 1 in Maces & Flails
    80 | D:1      | Reached XP level 2. HP: 25/25 MP: 1/1
   124 | D:1      | Found a faded altar of an unknown god.
   354 | D:1      | Reached skill level 1 in Armour
  1004 | D:1      | Reached XP level 3. HP: 27/30 MP: 2/2
  1119 | D:1      | Slain by a kobold

Illustrated notes

Levels and vault maps discovered:
D:1:      dpeg_arrival_renting, layout_basic, basic_ecumenical_altar,
          minivault_14
D:2:      layout_basic, basic_altar, grunt_ministairs_10,
          minmay_rat_gold_closets

Skill      XL: |  1  2 |
---------------+-------+-----
Maces & Flails | 1 2 |  2.1
Armour         | 1 |  1.2
Fighting       | |  2.9
Crossbows      | |  4.6
Dodging        | |  2.1
Stealth        | |  0.7

Action                   || total
-------------------------++-------
Melee: Mace              ||     1
       Whip              ||    27
       Headbutt          ||     4
 Fire: Hand crossbow     ||    35
Armor: Leather armour    ||    18
Dodge: Dodged            ||    37

Table legend: (Time is in decaauts)
 A = Elapsed time spent in this place.
 B = Non-inter-level travel time spent in this place.
 C = Inter-level travel time spent in this place.
 D = Time resting spent in this place.
 E = Time spent auto-exploring this place.
 F = Levels seen in this place.
 G = Mean time per level.
                   A        B        C        D        E       F      G
               +--------+--------+--------+--------+--------+-----+--------+
         Total |   1122 |   1054 |     68 |      0 |    925 |   2 |  561.0 |
       Dungeon |   1122 |   1054 |     68 |      0 |    925 |   2 |  561.0 |
               +--------+--------+--------+--------+--------+-----+--------+

Top non-repeatable levels by time:
     D:1: 1106 daAuts
     D:2: 15 daAuts
